 Dungeon Crawl Stone Soup version 0.31-a0-202-g547052bce9 (webtiles) character file.

Game seed: 2078273957439276033

636 qw the Skirmisher (level 7, 0/40 HPs)
             Began as a Deep Elf Hunter on June 26, 2023.
             Succumbed to an adder's poison
             ... on level 5 of the Dungeon.
             The game lasted 00:01:26 (3423 turns).

qw the Skirmisher (Deep Elf Hunter)                 Turns: 3423, Time: 00:01:27

Health: 0/40       AC:  7    Str: 10      XL:     7   Next: 25%
Magic:  9/9        EV: 11    Int: 12 (14) God:
Gold:   233        SH:  5    Dex: 18      Spells: 6/6 levels left

rFire   . . .        Y - +0 shortbow (flame)
rCold   . . .        (shield currently unavailable)
rNeg    . . .        i - +0 ring mail
rPois   .            o - +0 helmet
rElec   .            (no cloak)
rCorr   .            h - +0 pair of gloves
SInv    .            (no boots)
Will    .....        m - amulet of reflection
Stlth   +            (no ring)
HPRegen 0.26/turn    (no ring)
MPRegen 0.11/turn

%: reflection
@: lethally poisoned (0 -> -5), about to teleport
A: no striking features
a: no special abilities


You were on level 5 of the Dungeon.
You visited 1 branch of the dungeon, and saw 5 of its levels.

You collected 233 gold pieces.


   Skills:
 - Level 2.7 Fighting
 - Level 10.4 Ranged Weapons
 - Level 2.0 Armour
 + Level 2.4 Dodging
 - Level 1.2 Stealth


You had 6 spell levels left.
You didn't know any spells.
Your spell library was empty.

Inventory:

Hand Weapons
 Y - a +0 shortbow of flaming (weapon)
Armour
 h - a +0 pair of gloves (worn)
 i - a +0 ring mail (worn)
 o - a +0 helmet (worn)
Jewellery
 m - an amulet of reflection (around neck)
Scrolls
 p - a scroll of identify
Potions
 a - a potion of curing
 d - a potion of resistance
 g - a potion of mutation
 j - a potion of cancellation
 k - a potion of berserk rage {unknown}
 l - a potion of experience {unknown}

Dungeon Overview and Level Annotations

Branches:
Dungeon (5/15)
 Temple: D:4-7

Altars:
Kikubaaqudgha
Qazlal


Message History

The adder bites you but does no damage.
You shoot an arrow. The arrow barely misses the ice beast.
The ice beast closely misses you. The adder bites you but does no damage.
You shoot an arrow. The arrow closely misses the ice beast.
The adder barely misses you. You block the ice beast's attack.
You shoot an arrow. The arrow hits the ice beast.
The arrow melts the ice beast.
The ice beast is moderately wounded.
The adder bites you.
The ice beast hits you but does no damage.
The adder closely misses you.
You shoot an arrow. The arrow closely misses the ice beast.
The ice beast hits you but does no damage.
You block the adder's attack.
You shoot an arrow. The arrow hits the ice beast.
The arrow melts the ice beast.
The ice beast is moderately wounded.
You block the adder's attack.
The ice beast hits you but does no damage.
The adder bites you but does no damage. The ice beast hits you.
The ice beast freezes you!
You shoot an arrow. The arrow hits the ice beast.
The arrow melts the ice beast.
The ice beast is heavily wounded.
You block the adder's attack. The ice beast hits you.
The ice beast freezes you!
3420 ||| READING scroll of teleportation.
As you read the scroll of teleportation, it crumbles to dust.
You feel strangely unstable. The adder bites you.
You are poisoned.
The adder poisons you! The ice beast closely misses you.
You shoot an arrow. The arrow hits the ice beast!
The arrow melts the ice beast.
You kill the ice beast!
You feel sick. The adder bites you.
You are lethally poisoned!
The adder poisons you! The adder bites you.
You feel your strength returning.
Your Ranged Weapons skill increases to level 10!
You shoot an arrow. The arrow misses the adder.
You feel sick. The adder barely misses you.
You shoot an arrow.
The arrow hits the adder but does no damage.
You die...

## ###. #######... ####
#.......## ..#
####.######## . #.#
##....# ### ...
#.###..#### #..
.....##.........######..
.......@.#......'...##..
......S###.(....###.##..
...>... #.........#.##..
....... #.........#.....
....... #.........#.....
....... #.........+...##
....... #.........#...##
....... #...............
###'###.........


You could see an adder.

Vanquished Creatures
  2 ice beasts (D:5)
  An ogre (D:4)
  A phantom (D:5)
  A hound (D:4)
  An orc priest (D:5)
  An orc wizard (D:5)
  Robin (D:4)
  4 gnolls (D:4)
  4 adders
  3 worms
  5 dart slugs
  8 orcs
  5 bats
  4 endoplasms
  4 giant cockroaches
  22 goblins
  11 hobgoblins
  3 jackals (D:4)
  8 kobolds
  3 quokkas
  4 ball pythons
  5 frilled lizards
  5 rats
106 creatures vanquished.

Notes
Turn   | Place    | Note
-------+----------+-------------------------------------------
     0 | D:1      | qw the Deep Elf Hunter began the quest for the Orb.
     0 | D:1      | Reached XP level 1. HP: 12/12 MP: 3/3
     0 | D:1      | 0 ||| qw: Version: 0.3-a-22-g0ed2b0b
     0 | D:1      | 0 ||| qw: Game counter: 6297
     0 | D:1      | 0 ||| qw: Melee chars always use a shield: true
     0 | D:1      | 0 ||| qw: God list: Okawaru
     0 | D:1      | 0 ||| qw: Allow faded altars: false
     0 | D:1      | 0 ||| qw: Do Orc after clearing Dungeon:15 true
     0 | D:1      | 0 ||| qw: Do second Lair branch before Depths: true
     0 | D:1      | 0 ||| qw: Lair rune preference: random
     0 | D:1      | 0 ||| qw: Goals: Normal
     0 | D:1      | 0 ||| PLANNING D:1-11
   106 | D:1      | Reached XP level 2. HP: 16/16 MP: 4/4
   118 | D:1      | Reached skill level 6 in Ranged Weapons
   533 | D:1      | Reached XP level 3. HP: 20/20 MP: 5/5
   802 | D:1      | 802 ||| UPGRADING to +0 pair of gloves.
   807 | D:1      | 807 ||| UPGRADING to +0 ring mail.
   817 | D:1      | 817 ||| DROPPING +0 leather armour.
   818 | D:1      | 818 ||| READING scroll labelled MUIJUI UXZUUN.
   819 | D:1      | 819 ||| DROPPING scroll of butterflies.
  1078 | D:2      | 1078 ||| READING scroll labelled ECOMOI VIRCHI.
  1096 | D:2      | Reached skill level 7 in Ranged Weapons
  1099 | D:2      | Identified the +9 short sword "Buotzor" {protect, Fly rC+}
  1407 | D:2      | Reached XP level 4. HP: 25/25 MP: 6/6
  1478 | D:2      | 1478 ||| READING 2 scrolls labelled WILIMUPUFI.
  1479 | D:2      | 1479 ||| READING scroll labelled UCISYM BAOF.
  1480 | D:2      | 1480 ||| READING scroll labelled POOPNO FINIUV.
  1481 | D:2      | 1481 ||| DRINKING 2 clear potions.
  1482 | D:2      | 1482 ||| DRINKING 2 bubbling emerald potions.
  1483 | D:2      | 1483 ||| DROPPING scroll of vulnerability.
  1857 | D:3      | Reached skill level 8 in Ranged Weapons
  2151 | D:3      | 2151 ||| UPGRADING to +0 helmet.
  2156 | D:3      | 2156 ||| UPGRADING to amulet of reflection.
  2161 | D:3      | 2161 ||| READING scroll labelled NYRE KONIMEXT.
  2162 | D:3      | 2162 ||| READING 2 scrolls labelled COAJEL NEERU.
  2167 | D:3      | 2167 ||| DRINKING 2 golden potions.
  2168 | D:3      | 2168 ||| DRINKING potion of curing.
  2168 | D:3      | 2168 ||| (to cure confusion)
  2169 | D:3      | 2169 ||| READING 2 scrolls of identify.
  2169 | D:3      | 2169 ||| IDENTIFYING pink potion
  2170 | D:3      | 2170 ||| DROPPING potion of magic.
  2171 | D:3      | 2171 ||| DROPPING potion of ambrosia.
  2209 | D:4      | Noticed Robin
  2211 | D:4      | Killed Robin
  2215 | D:4      | 2215 ||| FLEEEEING.
  2216 | D:4      | 2216 ||| FLEEEEING.
  2217 | D:4      | 2217 ||| FLEEEEING.
  2219 | D:4      | 2219 ||| FLEEEEING.
  2220 | D:4      | 2220 ||| FLEEEEING.
  2221 | D:4      | 2221 ||| FLEEEEING.
  2233 | D:4      | Reached XP level 5. HP: 29/29 MP: 7/7
  2556 | D:4      | Noticed an ogre
  2563 | D:4      | Reached skill level 9 in Ranged Weapons
  2570 | D:4      | Killed an ogre
  2571 | D:4      | Reached XP level 6. HP: 16/36 MP: 8/8
  2574 | D:4      | HP: 9/36 [gnoll/+0 vampiric whip (6)]
  2575 | D:4      | 2575 ||| READING scroll of teleportation.
  2699 | D:4      | Found a stormy altar of Qazlal.
  2710 | D:4      | Found an ancient bone altar of Kikubaaqudgha.
  3010 | D:4      | 3010 ||| READING scroll labelled HUASAA XI QUO.
  3111 | D:4      | 3111 ||| DRINKING 3 yellow potions.
  3112 | D:4      | 3112 ||| READING 3 scrolls of identify.
  3112 | D:4      | 3112 ||| IDENTIFYING green potion
  3113 | D:4      | 3113 ||| READING 2 scrolls of identify.
  3113 | D:4      | 3113 ||| IDENTIFYING fizzy amethyst potion
  3114 | D:4      | 3114 ||| DROPPING 2 potions of degeneration.
  3129 | D:5      | Entered Level 5 of the Dungeon
  3160 | D:5      | Noticed an ice beast
  3176 | D:5      | Killed an ice beast
  3315 | D:5      | 3315 ||| Stepping ~*~*~tactically~*~*~ (outnumbered).
  3317 | D:5      | 3317 ||| Stepping ~*~*~tactically~*~*~ (outnumbered).
  3325 | D:5      | Reached XP level 7. HP: 37/40 MP: 9/9
  3419 | D:5      | HP: 9/40 [ice beast (12)]
  3420 | D:5      | 3420 ||| READING scroll of teleportation.
  3421 | D:5      | HP: 3/40 [adder (3)]
  3422 | D:5      | Reached skill level 10 in Ranged Weapons
  3422 | D:5      | HP: 1/40 [poisoned by an adder]
  3423 | D:5      | Succumbed to an adder's poison

Levels and vault maps discovered:
D:1:      lightli_arrival_windingriver, layout_basic, skrybe_limestone_x
D:2:      layout_loops_ring, serial_bayou_ford_a, grunt_ministairs_3
D:3:      layout_loops_ring, minmay_pentangle
D:4:      layout_basic, amethyst_overflow_temple_binary,
          chequers_serial_rivers_large_a, nicolae_titane, uniq_robin
D:5:      layout_basic

Skill      XL: |  1  2  3  4  5  6  7 |
---------------+----------------------+-----
Ranged Weapons | 6 7 8 9 10 | 10.4
Fighting       | 2 |  2.7
Armour         | 2 |  2.0
Dodging        | |  2.4
Stealth        | |  1.2

Action                     |  1- 3 |  4- 6 |  7- 9 || total
---------------------------+-------+-------+-------++-------
   Fire: Shortbow          |   115 |   188 |    20 ||   323
    Use: Scroll            |     2 |    10 |     1 ||    13
         Potion            |       |     5 |       ||     5
 Armour: Leather armour    |     6 |       |       ||     6
         Ring mail         |     9 |    35 |     6 ||    50
  Dodge: Dodged            |    14 |    43 |     7 ||    64
  Block: Other             |       |     7 |     4 ||    11

Table legend:
 A = Non-vault XP
 B = Vault XP
 C = Vault XP percentage of total XP
 D = Non-vault monster count
 E = Vault monster count
 F = Vault count percentage of total count
                 A         B        C        D         E       F
            +---------+---------+-------+---------+---------+-------
      Total |     858 |      51 |   5.6 |      87 |      19 |  17.9
            +---------+---------+-------+---------+---------+-------
        D:1 |      43 |       0 |   0.0 |      23 |       0 |   0.0
        D:2 |      61 |       4 |   6.2 |      21 |       1 |   4.5
        D:3 |      39 |      12 |  23.5 |      13 |       7 |  35.0
        D:4 |     260 |      35 |  11.9 |      21 |      11 |  34.4
        D:5 |     455 |       0 |   0.0 |       9 |       0 |   0.0
            +---------+---------+-------+---------+---------+-------
